 Dungeon Crawl Stone Soup version 0.30.1-10-g1249ef9ec4 (webtiles) character file.

Game seed: 17731824748467553840

6 7w4c the Trooper (level 1, -1/18 HPs)
             Began as a Demonspawn Berserker on Oct 26, 2023.
             Was a Follower of Trog.
             Slain by a hobgoblin (2 damage)
             ... on level 1 of the Dungeon.
             The game lasted 00:00:37 (178 turns).

7w4c the Trooper (Demonspawn Berserker)              Turns: 178, Time: 00:00:37

Health: -1/18      AC:  2    Str: 17    XL:     1   Next: 75%
Magic:  1/1        EV: 12    Int:  8    God:    Trog [*.....]
Gold:   34         SH:  0    Dex: 12    Spells: 0/0 levels left

rFire   . . .        a - +0 hand axe
rCold   . . .        (no shield)
rNeg    . . .        b - +0 animal skin
rPois   .            (no helmet)
rElec   .            (no cloak)
rCorr   .            (no gloves)
SInv    .            (no boots)
Will    .....        e - amulet of magic regeneration
Stlth   +            (no ring)
HPRegen 0.23/turn    (no ring)
MPRegen 0.47/turn

%: no passive effects
@: no status effects
A: no striking features
a: Renounce Religion, Berserk


You were on level 1 of the Dungeon.
You worshipped Trog.
Trog was aware of your devotion.
You visited 1 branch of the dungeon, and saw 1 of its levels.

You collected 34 gold pieces.

Inventory:

Hand Weapons
 a - a +0 hand axe (weapon)
Armour
 b - a +0 animal skin (worn)
Jewellery
 e - an amulet of magic regeneration (around neck)
Scrolls
 c - a scroll of identify {unknown}
Potions
 d - a potion of brilliance {unknown}


   Skills:
 + Level 3.1 Fighting
 + Level 2.8 Axes
 + Level 1.8 Armour
 + Level 1.8 Dodging


You couldn't memorise any spells.
You didn't know any spells.
Your spell library was empty.

Dungeon Overview and Level Annotations

Branches:
Dungeon (1/15)

Altars:


Message History

You start putting on your amulet.
You continue putting on your amulet of magic regeneration. x2
A nearby plant withers and dies.
You continue putting on your amulet of magic regeneration.
The hobgoblin hits you.
Keep equipping yourself?
You continue putting on your amulet of magic regeneration.
The hobgoblin misses you.
You continue putting on your amulet of magic regeneration.
The hobgoblin closely misses you.
You finish putting on your amulet of magic regeneration.
e - an amulet of magic regeneration (around neck)
The hobgoblin barely misses you.
You hit the hobgoblin but do no damage. You hit the fungus.
The fungus begins to die.
You hit the fungus.
The fungus begins to die.
The hobgoblin barely misses you.
You closely miss the hobgoblin. You hit the fungus. x2
The hobgoblin hits you.
You closely miss the hobgoblin. You hit the fungus. x2
The hobgoblin hits you but does no damage.
The hobgoblin hits you.
You closely miss the hobgoblin. You hit the fungus.
You hit the fungus but do no damage.
A nearby fungus withers and dies. x2
The hobgoblin barely misses you.
You closely miss the hobgoblin. The hobgoblin closely misses you.
You hit the hobgoblin.
The hobgoblin is moderately wounded.
The hobgoblin hits you.
You hit the hobgoblin but do no damage.
The hobgoblin is moderately wounded.
The hobgoblin hits you.
* * * LOW HITPOINT WARNING * * *
You hit the hobgoblin.
The hobgoblin is heavily wounded.
The hobgoblin hits you.
* * * LOW HITPOINT WARNING * * *
You barely miss the hobgoblin.
The hobgoblin is heavily wounded.
The hobgoblin hits you.
You die...

#.## #..#....#♣.
#..##... #....##.##.
##..#... #....##.#♣.
##.#..######....#....
#.#.)#..#_#.........
#.#..#..#.#P....####
#.#...~..~.#..###
#.#g...⌠...#..# #
#..@....⌠..#P.## #.
#.....PPP..#...# #.
#.#........)#..# #.
#....PP.~...#..# #.
##.#######.##..# P.
#.# #.###.#


P.P #..# #.# .. ##.# #.# .P♣ #.# ###.# ..♣ You could see a hobgoblin.

Vanquished Creatures
  An endoplasm (D:1)
  A goblin (D:1)
  A hobgoblin (D:1)
  A frilled lizard (D:1)
  A kobold (D:1)
  A rat (D:1)
6 creatures vanquished.

Notes
Turn   | Place    | Note
-------+----------+-------------------------------------------
     0 | D:1      | 7w4c the Demonspawn Berserker began the quest for the Orb.
     0 | D:1      | Reached XP level 1. HP: 18/18 MP: 1/1
    39 | D:1      | Found a faded altar of an unknown god.
   178 | D:1      | Slain by a hobgoblin

Illustrated notes

Levels and vault maps discovered:
D:1:      tarquinn_simple_flora_water_a, layout_rooms,
          shapermc_ecumenical_altar_mp_ritualfount, serial_forest,
          infiniplex_forest_clump_small, infiniplex_forest_lined_room_3,
          infiniplex_forest_lined_3, infiniplex_forest_fountain,
          infiniplex_forest_clump_curved, chequers_jeans

Action                     || total
---------------------------++-------
  Melee: Hand axe          ||    26
 Armour: Animal skin       ||     2
  Dodge: Dodged            ||    17
